 Dungeon Crawl Stone Soup version 0.28.0 (webtiles) character file.

Game seed: 7483005893024309291

108038 AmazingTV the Warrior (level 16, -6/155 HPs)
             Began as a Minotaur Fighter on July 1, 2022.
             Was the Champion of Okawaru.
             Killed by divine providence
             ... invoked by a meliai
              (15 damage)
             ... on level 3 of the Spider Nest.
             The game lasted 02:09:53 (25485 turns).

AmazingTV the Warrior (Minotaur Fighter)           Turns: 25485, Time: 02:09:54

Health: -6/155     AC: 29    Str: 30    XL:     16   Next: 1%
Magic:  0/24       EV: 13    Int:  6    God:    Okawaru [******]
Gold:   2231       SH: 14    Dex: 26    Spells: 15/15 levels left

rFire   + + .      SeeInvis .   b - +8 hand axe "Uduanaga" {spect, rPois rF+ Int-2, axe}
rCold   + + +      Faith    .   J - +3 buckler
rNeg    . . .      Spirit   +   G - +3 chain mail of Brilliance {rC++}
rPois   +          Reflect  .   (helmet restricted)
rElec   .          Harm     .   l - +2 cloak
rCorr   .          Rampage  .   M - +4 pair of gloves of the Enchanted Forest {rPois rC+ Int-5 Dex+9}
Will    +....                   W - +0 pair of boots "Hife" {Regen+}
Stlth   +.........              O - amulet of guardian spirit
HPRegen 1.15/turn               q - +6 ring of dexterity
MPRegen 0.19/turn               k - ring of Ywaytz {rF+ Str+4 Int+6}

@: about to teleport, heroic, studying 2 skills
A: horns 2, retaliatory headbutt
a: Renounce Religion, Heroism, Finesse, Duel


You were on level 3 of the Spider Nest.
You worshipped Okawaru.
Okawaru was exalted by your worship.
You visited 6 branches of the dungeon, and saw 25 of its levels.
You also visited: Sewer.

You collected 2458 gold pieces.
You spent 227 gold pieces at shops.


Innate Abilities, Weirdness & Mutations

You have a pair of horns on your head.
You reflexively headbutt those who attack you in melee.


   Skills:
 - Level 17.1(22.1) Fighting
 - Level 14.7(21.3) Axes
 + Level 11.9(19.9) Maces & Flails
 + Level 8.5(13.5) Slings
 + Level 13.6(18.6) Armour
 + Level 0.4(5.4) Stealth
 + Level 14.3(19.3) Shields
 - Level 12.3 Invocations


You had 15 spell levels left.
You didn't know any spells.
Your spell library contained the following spells:

 Spells                   Type           Power      Damage    Failure   Level
 Pain                     Necr           0%         1d4       83%         1
 Shock                    Conj/Air       0%         1d3       83%         1
 Ensorcelled Hibernation  Hex/Ice        0%         N/A       93%         2
 Passwall                 Tmut/Erth      0%         N/A       93%         2
 Sublimation of Blood     Necr           0%         N/A       93%         2
 Wereblood                Tmut           0%         N/A       93%         2
 Frozen Ramparts          Ice            0%         1d2       99%         3
 Swiftness                Air            0%         N/A       99%         3
 Airstrike                Air            0%         N/A       100%        4
 Ice Form                 Ice/Tmut       0%         N/A       100%        4
 Petrify                  Tmut/Erth      0%         N/A       100%        4
 Agony                    Necr           0%         N/A       100%        5
 Excruciating Wounds      Necr           0%         N/A       100%        5
 Metabolic Englaciation   Hex/Ice        0%         N/A       100%        5
 Statue Form              Tmut/Erth      0%         N/A       100%        6
 Summon Ice Beast         Ice/Summ       Unusable   N/A       N/A         4
 Summon Hydra             Summ           Unusable   N/A       N/A         7

Inventory:

Hand Weapons
 a - the +6 war axe of Ebluapna {freeze, Fly, axe}
   (You found it on level 5 of the Dungeon)

   It freezes those it strikes, dealing additional cold damage.
   It can also slow down cold-blooded creatures.
   Fly:       It grants you flight.
 b - the +8 hand axe "Uduanaga" (weapon) {spect, rPois rF+ Int-2, axe}
   (You found it on level 10 of the Dungeon)

   When its wielder attacks, the weapon's spirit leaps out and strikes again.
   The spirit shares a part of any damage it takes with its wielder.
   Int:       It affects your intelligence (-2).
   rF:        It protects you from fire.
   rPois:     It protects you from poison.
 c - a +1 mace of protection {mace}
   (You found it on level 2 of the Dungeon)
 j - a +7 fustibalus {sling}
   (Okawaru gifted it to you on level 10 of the Dungeon)
 P - the +7 dagger "Awkoeceg" {vamp, rC+ Str+6, short}
   (You found it on level 7 of the Dungeon)

   It occasionally heals its wielder for a portion of the damage dealt when it
   wounds a living foe.
   Str:       It affects your strength (+6).
   rC:        It protects you from cold.
Missiles
 g - 699 stones
 t - 78 poisoned darts (quivered)
 u - 8 curare-tipped darts {=f}
 B - 601 bolts
 E - 161 sling bullets
 I - 7 throwing nets {=f!f}
 Q - 417 arrows
 S - 2 atropa-tipped darts
 X - 14 javelins
Armour
 h - a +0 pair of gloves
   (You found it on level 1 of the Dungeon)
 l - a +2 cloak (worn)
   (You took it off Crazy Yiuf on level 2 of the Dungeon)
 m - a +2 chain mail of fire resistance
   (You took it off Harold on level 11 of the Dungeon)
 n - the +0 pair of boots of the Candlemaker {rN+ Str+5 Int+2}
   (Okawaru gifted it to you on level 4 of the Lair of Beasts)

   Str:       It affects your strength (+5).
   Int:       It affects your intelligence (+2).
   rN:        It protects you from negative energy.
 p - +2 fire dragon scales
   (You took it off a spriggan on level 6 of the Lair of Beasts)
 s - an orb of mayhem
   (You found it on level 2 of the Lair of Beasts)
 G - the +3 chain mail of Brilliance (worn) {rC++}
   (You found it on level 4 of the Dungeon)

   rC:        It greatly protects you from cold.
 H - the +3 ring mail "Esugavoe" {Harm Str+3 SInv}
   (Okawaru gifted it to you on level 2 of the Spider Nest)

   Str:       It affects your strength (+3).
   SInv:      It lets you see invisible.
   Harm:      It increases damage dealt and taken.
 J - a +3 buckler (worn)
 M - the +4 pair of gloves of the Enchanted Forest (worn) {rPois rC+ Int-5 Dex+9}
   (Okawaru gifted it to you on level 2 of the Orcish Mines)

   Int:       It affects your intelligence (-5).
   Dex:       It affects your dexterity (+9).
   rC:        It protects you from cold.
   rPois:     It protects you from poison.
 W - the +0 pair of boots "Hife" (worn) {Regen+}
   (Okawaru gifted it to you on level 9 of the Dungeon)

   Regen:     It increases your rate of health regeneration.
Jewellery
 e - a ring of ice
   (You found it on level 1 of the Spider Nest)
 k - the ring of Ywaytz (right hand) {rF+ Str+4 Int+6}
   (You acquired it on level 3 of the Lair of Beasts)

   [ring of intelligence]

   Str:       It affects your strength (+4).
   Int:       It affects your intelligence (+6).
   rF:        It protects you from fire.
 q - a +6 ring of dexterity (left hand)
   (You found it on level 2 of the Lair of Beasts)
 O - an amulet of guardian spirit (around neck)
   (You found it on level 1 of the Lair of Beasts)
 Z - a ring of resist corrosion
   (You took it off an orc priest on level 9 of the Dungeon)
Wands
 A - a wand of flame (9)
   (You found it on level 6 of the Lair of Beasts)
Scrolls
 i - 2 scrolls of fog
 o - 4 scrolls of identify {@r1}
 r - a scroll of silence {!r}
 w - 3 scrolls of blinking {!r}
 y - a scroll of magic mapping {!r}
 C - a scroll of fear
 D - a scroll of summoning {unknown}
 K - a scroll of brand weapon {unknown}
 T - 3 scrolls of teleportation {@r4}
Potions
 d - 5 potions of might
 f - 4 potions of cancellation
 v - 2 potions of resistance
 x - 6 potions of haste {@q3}
 z - a potion of invisibility {unknown}
 F - 3 potions of mutation {unknown}
 N - a potion of brilliance
 R - a potion of berserk rage {!q}
 U - 9 potions of ambrosia
 V - 2 potions of lignification {!q}
 Y - 2 potions of magic {unknown}

Dungeon Overview and Level Annotations

Branches:
Dungeon (12/15)            Temple (1/1) D:5            Lair (6/6) D:10
 Shoals (0/4) Lair:2       Spider (3/4) Lair:4        Slime (0/5) Lair:5
    Orc (2/2) D:12            Elf (1/3) Orc:2         Sewer (visited)

Altars:
Ashenzari
Cheibriados
Dithmenos
Elyvilon
Fedhas
Gozag
Hepliaklqana
Kikubaaqudgha
Makhleb
Nemelex Xobeh
Okawaru
Qazlal
Ru
Sif Muna
Trog
Uskayaw
Vehumet
Wu Jian
Xom
Yredelemnul
Zin
The Shining One
Lugonu

Shops:
Orc:1 (   Orc:2 :*[[((*=[(

Portals:
Abyss: Lair:6

Annotations:
D:9 2 transporters, Ayyar's ghost, novice DsGl
Lair:4 2 transporters

...#..# ..#...
####....## ≈........
. ....... ...#
^...###^.## .#
##..#..^... ...
#..@.......
....####.......
##........######
#..............####
#.†.....^.....##
#..^..#..#..†.^^...#
##... #..#yy.#.#...#
...# #..#B..#######
.. #.##.†##y^.#.####


You could see a pharaoh ant and 2 meliai.


Message History

The meliai hits you but does no damage. The meliai stings you! 😮 HP[-5] MP[-1]
You take 5 damage, and now have 91/155 hp.
You lost 1 mp, and now have 14/24 mp.
You are too injured to fight recklessly!
You gain the combat prowess of a mighty hero.
The meliai completely misses you. The meliai stings you!
You block the meliai's attack. The meliai barely misses you.
The meliai mumbles some strange prayers to its god against you.
Something smites you!
* * * LOW HITPOINT WARNING * * *
The meliai invokes the aid of its god against you.
Something smites you!
* * * LOW HITPOINT WARNING * * *
😨 HP[-23] MP[-5]
You take 23 damage, and now have 68/155 hp.
You lost 5 mp, and now have 9/24 mp.
The meliai hits you but does no damage.
The meliai barely misses you. 😨 HP[+1] MP[+1]
The meliai calls down the wrath of its god upon you.
Something smites you!
* * * LOW HITPOINT WARNING * * *
The meliai hits you but does no damage. You block the meliai's attack. x2
The meliai closely misses you. x2; The meliai barely misses you. 😨 HP[-9] MP[-1]
You take 9 damage, and now have 60/155 hp.
You lost 1 mp, and now have 9/24 mp.
As you read the scroll of teleportation {@r4}, it crumbles to dust.
You feel strangely unstable. You block the meliai's attack.
The meliai stings you but does no damage.
You block the meliai's attack. The meliai barely misses you.
The meliai mumbles some strange prayers to its god against you.
Something smites you!
* * * LOW HITPOINT WARNING * * *
The meliai closely misses you.
The meliai stings you but does no damage. 😨 HP[-11] MP[-1]
You take 11 damage, and now have 49/155 hp.
You lost 1 mp, and now have 8/24 mp.
The meliai invokes the aid of its god against you.
Something smites you!
* * * LOW HITPOINT WARNING * * *
You block the meliai's attack. x2
The meliai calls down the wrath of its god upon you.
Something smites you!
* * * LOW HITPOINT WARNING * * *
The meliai hits you but does no damage.
The meliai stings you but does no damage. 😱 HP[-17] MP[-4]
You take 17 damage, and now have 32/155 hp.
You lost 4 mp, and now have 4/24 mp.
You feel much better.
The meliai invokes the aid of its god against you.
Something smites you!
* * * LOW HITPOINT WARNING * * *
You block the meliai's attack.
The meliai stings you but does no damage.
The meliai hits you with a +0 war axe.
* * * LOW HITPOINT WARNING * * *
The meliai stings you but does no damage.
The meliai mumbles some strange prayers to its god against you.
Something smites you!
* * * LOW HITPOINT WARNING * * *
The meliai mumbles some strange prayers to its god against you.
Something smites you!
* * * LOW HITPOINT WARNING * * *
You block the meliai's attack. The meliai stings you.
* * * LOW HITPOINT WARNING * * *
The meliai hits you but does no damage. The meliai stings you.
* * * LOW HITPOINT WARNING * * *
😱 HP[-20] MP[-3]
You take 20 damage, and now have 12/155 hp.
You lost 3 mp, and now have 1/24 mp.
You feel much better.
Your surroundings suddenly seem different.
The meliai calls down the wrath of its god upon you.
Something smites you!
* * * LOW HITPOINT WARNING * * *
😱 HP[+6]
You regained 6 hp, and now have 18/155 hp.
Okay, then.
Really read
w - 4 scrolls of blinking {!r}? [Y]es or [N]o only, please.
Really read
w - 4 scrolls of blinking {!r}?
Uppercase [Y]es or [N]o only, please.
Really read
w - 4 scrolls of blinking {!r}?
Blink to where?
Press: ? - help, Dir - move target
As you read the scroll of blinking {!r}, it crumbles to dust.
The meliai calls down the wrath of its god upon you.
Something smites you!
* * * LOW HITPOINT WARNING * * *
😱 HP[-10]
You take 10 damage, and now have 8/155 hp.
As you read the scroll of teleportation {@r4}, it crumbles to dust.
You feel strangely unstable.
The meliai calls down the wrath of its god upon you.
Something smites you!
You die...

Skill      XL: |  1  2  3  4  5  6  7  8  9 10 11 12 13 14 15 |
---------------+----------------------------------------------+-----
Armour         | 4 5 6 8 9 10 12 13 | 13.6
Shields        | 4 5 6 7 8 11 14 | 14.3
Fighting       | 4 5 6 7 9 12 14 15 16 17 | 17.1
Maces & Flails | 3 4 5 7 8 10 11 | 11.9
Axes           | 5 9 11 13 14 | 14.7
Invocations    | 5 8 10 11 12 | 12.3
Slings         | 3 6 8 |  8.5
Stealth        | |  0.4

Action                   |  1- 3 |  4- 6 |  7- 9 | 10-12 | 13-15 | 16-18 || total
-------------------------+-------+-------+-------+-------+-------+-------++-------
Melee: Flail             |   100 |     2 |       |       |       |       ||   102
       Headbutt          |     6 |    15 |    46 |    86 |   315 |     2 ||   470
       Mace              |       |   112 |   171 |       |    63 |       ||   346
       Hand axe          |       |       |    28 |       |   665 |     7 ||   700
       War axe           |       |       |   115 |   447 |   426 |       ||   988
 Fire: Fustibalus        |       |       |       |       |    18 |       ||    18
Throw: Dart              |       |       |       |       |     2 |       ||     2
Invok: Heroism           |       |       |     2 |    14 |    10 |     1 ||    27
       Finesse           |       |       |       |     3 |     3 |       ||     6
  Use: Scroll            |       |       |     1 |    11 |    22 |     3 ||    37
       Potion            |       |       |       |     6 |     3 |     2 ||    11
 Stab: Distracted        |       |       |       |       |    20 |       ||    20
       Petrified         |       |       |       |       |    11 |       ||    11
       Petrifying        |       |       |       |       |     1 |       ||     1
Armor: Scale mail        |    61 |    43 |    67 |       |       |       ||   171
       Chain mail        |       |       |   138 |    58 |   515 |    17 ||   728
       Swamp dragon scal |       |       |       |   161 |    34 |       ||   195
Dodge: Dodged            |    51 |    30 |   117 |   192 |   314 |    11 ||   715
Block: Buckler           |    22 |    20 |    81 |   125 |   460 |    17 ||   725

Levels and vault maps discovered:
D:1:      eino_arrival_cavern_c, layout_basic, minmay_tromino_i4
D:2:      layout_basic, uniq_sigmund, uniq_crazy_yiuf_cottage
D:3:      layout_loops_ring, gup_sewer_entry_bubbles
D:4:      layout_rooms, kennysheep_generic_room_15
D:5:      layout_cave_pools, mainiacjoe_overflow_paths,
          minmay_temple_entry_proselytizer, uniq_pikel, uniq_prince_ribbit1
D:6:      layout_basic, grunt_decor_junction, nrook_campfire,
          kennysheep_crisscross, hex_intersection, uniq_eustachio
D:7:      kennysheep_kobold_camp, layout_basic
D:8:      layout_rooms, gammafunk_ghost_spectres, uniq_joseph
D:9:      lemuel_castle_with_subvaults [lemuel_castle_interior_carwin_3],
          layout_stronghold, gammafunk_ghost_hive, uniq_maggie
D:10:     layout_gridville, dpeg_lair_monsters, grunt_ministairs_6,
          palyth_stone_intersect, uniq_urug
D:11:     layout_roguey [special_room_bee], uniq_harold, uniq_psyche
D:12:     layout_basic, erik_orc_4
Temple:   dpeg_three_leaves_temple
Lair:1:   layout_cave_pods, special_room, grunt_megastairs_2,
          serial_bayou_shore_a, lemuel_fruit_tree
Lair:2:   layout_misc_corridors, minmay_shoals_entry_beasts,
          gammafunk_ghost_hydra_chop, chequers_serial_rivers_room_a,
          kennysheep_abandoned_house, uniq_sonja
Lair:3:   layout_hall_layers, eino_small_chamber_without_monster
Lair:4:   gammafunk_boulding_lane, layout_loops_ring,
          nicolae_spider_entry_non_spiders, cheibrodos_lair_caveside_slide,
          beast_lair_carwin_2
Lair:5:   layout_loops_ring, minmay_slime_entry_eyes
Lair:6:   hellmonk_lair_end_abyssal_woods, layout_gridlike
Spider:1: layout_spider_delve
Spider:2: layout_spider_delve, nicolae_spider_cling_halls
Spider:3: layout_spider_delve, uniq_arachne
Orc:1:    layout_diamond_mine, serial_shops, shop
Orc:2:    st_orc_rangers, layout_diamond_mine, serial_shops, shop, shop,
          shop_coins, nicolae_shop_hallway_plus,
          nicolae_shop_overgrown_old_shop, nicolae_shop_firing_range
Elf:1:    nicolae_elf_arrival_fired_up, layout_geoelf_diagonals,
          minmay_elf_annihilation, minmay_shop_grove

Notes
Turn   | Place    | Note
-------+----------+-------------------------------------------
     0 | D:1      | AmazingTV the Minotaur Fighter began the quest for the Orb.
     0 | D:1      | Reached XP level 1. HP: 19/19 MP: 0/0
     0 | D:1      | magus.rc [v1.9.6]
   192 | D:1      | Reached XP level 2. HP: 22/27 MP: 1/1
   392 | D:1      | Reached skill level 4 in Armour
   397 | D:1      | Reached skill level 4 in Shields
   519 | D:1      | Reached skill level 4 in Fighting
   600 | D:1      | Reached skill level 3 in Maces & Flails
   605 | D:1      | Reached XP level 3. HP: 33/33 MP: 2/2
  1214 | D:2      | Found a runed translucent door.
  1215 | D:2      | Noticed Crazy Yiuf
  1268 | D:2      | Killed Crazy Yiuf
  1269 | D:2      | Reached XP level 4. HP: 20/40 MP: 3/3
  1659 | D:2      | Noticed Sigmund
  1669 | D:2      | Killed Sigmund
  1670 | D:2      | Reached skill level 5 in Fighting
  1670 | D:2      | Reached skill level 4 in Maces & Flails
  1670 | D:2      | Reached skill level 5 in Armour
  1670 | D:2      | Reached skill level 5 in Shields
  1670 | D:2      | Reached XP level 5. HP: 46/48 MP: 4/4
  2236 | D:3      | Reached XP level 6. HP: 56/56 MP: 5/5
  2282 | D:3      | Found a glowing drain.
  2445 | Sewer    | Entered a sewer
  2784 | Sewer    | Reached XP level 7. HP: 62/62 MP: 6/6
  2799 | Sewer    | Reached skill level 5 in Maces & Flails
  2922 | Sewer    | Reached skill level 6 in Armour
  2942 | Sewer    | Reached skill level 6 in Fighting
  2942 | Sewer    | Reached skill level 6 in Shields
  3119 | D:3      | Identified the +0 robe of the Worm {Dex+3}
  4041 | D:4      | Identified the +3 chain mail of Brilliance {rC++}
  4138 | D:5      | Entered Level 5 of the Dungeon
  4138 | D:5      | Found a staircase to the Ecumenical Temple.
  4311 | D:5      | Reached XP level 8. HP: 48/71 MP: 7/7
  4316 | D:5      | Reached skill level 6 in Maces & Flails
  4427 | Temple   | Entered the Ecumenical Temple
  4508 | Temple   | Became a worshipper of Warmaster Okawaru
  4651 | D:5      | Found an opulent altar of Gozag.
  4659 | D:5      | Noticed Prince Ribbit
  4672 | D:5      | Killed Prince Ribbit
  4673 | D:5      | Reached skill level 7 in Fighting
  4673 | D:5      | Reached skill level 7 in Armour
  4824 | D:5      | Reached skill level 7 in Shields
  4999 | D:5      | Noticed Pikel
  5008 | D:5      | Identified the +6 war axe of Ebluapna {freeze, Fly}
  5012 | D:5      | Killed Pikel
  5012 | D:5      | Reached * piety under Okawaru
  5013 | D:5      | Reached skill level 7 in Maces & Flails
  5101 | D:5      | Reached skill level 8 in Armour
  5225 | D:5      | Reached XP level 9. HP: 81/81 MP: 8/8
  5246 | D:5      | Reached skill level 1 in Axes
  5345 | D:6      | Reached ** piety under Okawaru
  5346 | D:6      | Reached skill level 8 in Fighting
  5346 | D:6      | Reached skill level 8 in Shields
  5385 | D:6      | Reached skill level 2 in Axes
  5761 | D:6      | Reached skill level 3 in Axes
  5859 | D:6      | Noticed Eustachio
  5865 | D:6      | Killed Eustachio
  6195 | D:6      | Reached skill level 4 in Axes
  6195 | D:6      | Reached skill level 9 in Armour
  6200 | D:6      | Reached skill level 9 in Fighting
  6394 | D:7      | Reached *** piety under Okawaru
  6669 | D:7      | Reached skill level 5 in Axes
  6734 | D:7      | Identified the +7 dagger "Awkoeceg" {vamp, rC+ Str+6}
  7272 | D:7      | You pick up a book of Rime and begin reading...
  7272 | D:7      | You add the spells Frozen Ramparts and Ice Form to your
                  | library.
  7822 | D:7      | Reached XP level 10. HP: 91/93 MP: 9/9
  7994 | D:8      | You pick up a book of Blood and begin reading...
  7994 | D:8      | You add the spells Sublimation of Blood and Wereblood to
                  | your library.
  8036 | D:8      | Reached skill level 10 in Fighting
  8036 | D:8      | Reached skill level 6 in Axes
  8036 | D:8      | Reached skill level 10 in Armour
  8044 | D:8      | Reached **** piety under Okawaru
  8235 | D:8      | Reached skill level 7 in Axes
  8264 | D:8      | Noticed Joseph
  8585 | D:8      | Killed Joseph
  8586 | D:8      | Reached skill level 11 in Fighting
  8849 | D:8      | Found a runed translucent gate.
  8849 | D:8      | Found a runed translucent gate.
  8849 | D:8      | Found a runed translucent gate.
  8854 | D:8      | Noticed Jonnyslop's ghost (amateur DENe)
  9091 | D:8      | Killed Jonnyslop's ghost
  9092 | D:8      | Reached skill level 8 in Axes
  9094 | D:8      | Reached ***** piety under Okawaru
  9169 | D:9      | You pick up a book of Pain and begin reading...
  9169 | D:9      | You add the spells Pain, Agony and Excruciating Wounds to
                  | your library.
  9199 | D:9      | Noticed Maggie
  9208 | D:9      | Killed Maggie
  9414 | D:9      | Reached skill level 9 in Axes
  9424 | D:9      | Reached skill level 12 in Fighting
  9425 | D:9      | HP: 21/97 [gnoll sergeant (7)]
  9454 | D:9      | HP: 22/97 [gnoll sergeant (5)]
  9757 | D:9      | Noticed a two-headed ogre
  9767 | D:9      | Killed a two-headed ogre
  9767 | D:9      | Identified the +0 pair of boots "Hife" {Regen+} (Okawaru
                  | gifted it to you on level 9 of the Dungeon)
  9767 | D:9      | Received a gift from Okawaru
  9768 | D:9      | Reached XP level 11. HP: 87/105 MP: 10/10
  9888 | D:9      | Found a transporter.
  9893 | D:9      | Found a transporter.
  9894 | D:9      | Noticed Ayyar's ghost (novice DsGl)
 10343 | D:9      | Noticed a two-headed ogre
 10351 | D:9      | Reached skill level 1 in Invocations
 10354 | D:9      | Reached skill level 10 in Axes
 10428 | D:9      | You are sucked into a shaft and drop 3 floors!
 10505 | D:12     | Noticed a two-headed ogre
 10509 | D:12     | Killed a two-headed ogre
 10510 | D:12     | Reached skill level 2 in Invocations
 10527 | D:12     | Found a staircase to the Orcish Mines.
 10551 | D:12     | Reached skill level 3 in Invocations
 10618 | D:12     | Noticed a boulder beetle
 10625 | D:12     | Noticed a sun demon
 10633 | D:12     | HP: 21/106 [something (8)]
 10634 | D:12     | Noticed a sixfirhy
 10637 | D:12     | Reached skill level 13 in Fighting
 10723 | D:12     | Noticed a skeletal warrior
 10724 | D:12     | Noticed a skeletal warrior
 10739 | D:12     | Killed a skeletal warrior
 10749 | D:12     | Killed a skeletal warrior
 10848 | D:12     | Reached skill level 11 in Axes
 10848 | D:12     | Reached skill level 4 in Invocations
 10895 | D:12     | Noticed a deep elf pyromancer
 10909 | D:12     | Killed a boulder beetle
 10914 | D:12     | HP: 17/107 [deep elf pyromancer/bolt of fire (31)]
 10921 | D:12     | Killed a deep elf pyromancer
 11229 | D:12     | Noticed a skeletal warrior
 11239 | D:12     | Noticed a skeletal warrior
 11240 | D:12     | Noticed a skeletal warrior
 11243 | D:12     | Killed a skeletal warrior
 11244 | D:12     | Reached skill level 5 in Invocations
 11251 | D:12     | Killed a skeletal warrior
 11251 | D:12     | Received a gift from Okawaru
 11253 | D:12     | Killed a skeletal warrior
 11390 | D:11     | Reached skill level 14 in Fighting
 11390 | D:11     | Reached XP level 12. HP: 88/117 MP: 15/15
 11562 | D:11     | Reached skill level 12 in Axes
 11571 | D:11     | Reached skill level 6 in Invocations
 11626 | D:11     | Noticed Psyche
 11639 | D:11     | Noticed a two-headed ogre
 11649 | D:11     | Killed Psyche
 11650 | D:11     | Killed a two-headed ogre
 11650 | D:11     | Received a gift from Okawaru
 11862 | D:11     | Noticed Harold
 11887 | D:11     | Killed Harold
 12122 | D:10     | Entered Level 10 of the Dungeon
 12129 | D:10     | Noticed a two-headed ogre
 12133 | D:10     | Reached skill level 7 in Invocations
 12276 | D:10     | Killed a two-headed ogre
 12329 | D:11     | Reached skill level 15 in Fighting
 12329 | D:11     | Reached skill level 13 in Axes
 12564 | D:10     | Found a staircase to the Lair.
 12572 | D:10     | Noticed a death yak
 12572 | D:10     | Noticed a death yak
 12579 | D:10     | Noticed a death yak
 12580 | D:10     | Noticed a death yak
 12580 | D:10     | Noticed a death yak
 12581 | D:10     | Noticed a death yak
 12584 | D:10     | Noticed a death yak
 12585 | D:10     | Killed a death yak
 12587 | D:10     | Killed a death yak
 12593 | D:10     | Killed a death yak
 12593 | D:10     | Killed a death yak
 12594 | D:10     | Reached skill level 8 in Invocations
 12604 | D:10     | HP: 18/121 [death yak (17)]
 12604 | D:10     | HP: 7/121 [death yak (11)]
 12608 | D:10     | Killed a death yak
 12608 | D:10     | Killed a death yak
 12608 | D:10     | Killed a death yak
 12669 | D:10     | Received a gift from Okawaru
 12769 | D:10     | Noticed Urug
 12779 | D:10     | Killed Urug
 12780 | D:10     | Reached XP level 13. HP: 70/127 MP: 15/18
 12897 | D:10     | Identified the +8 hand axe "Uduanaga" {spect, rPois rF+
                  | Int-2}
 13312 | D:9      | Reached skill level 14 in Axes
 13446 | D:9      | Received a gift from Okawaru
 13469 | D:9      | Reached skill level 16 in Fighting
 13469 | D:9      | Reached skill level 9 in Invocations
 14323 | Orc:1    | Entered Level 1 of the Orcish Mines
 14484 | Orc:2    | Entered Level 2 of the Orcish Mines
 14484 | Orc:2    | Found Coocveut's Antique Armour Shop.
 14518 | Orc:2    | Found Onkoclua's Jewellery Boutique.
 14675 | Orc:2    | Reached skill level 1 in Slings
 14677 | Orc:2    | Identified the +4 pair of gloves of the Enchanted Forest
                  | {rPois rC+ Int-5 Dex+9} (Okawaru gifted it to you on level
                  | 2 of the Orcish Mines)
 14677 | Orc:2    | Received a gift from Okawaru
 14719 | Orc:2    | Found Kaliuse's Firing Range.
 14981 | Orc:2    | Reached skill level 2 in Slings
 15175 | Orc:2    | Found Boapp's Assorted Antiques.
 15195 | Orc:2    | Found Saanlit's Book Shop.
 15202 | Orc:2    | Bought a scroll of identify for 58 gold pieces
 15202 | Orc:2    | Bought a scroll labelled RUARIEFOXOY for 29 gold pieces
 15224 | Orc:2    | Found a staircase to the Elven Halls.
 15244 | Orc:2    | Found Eggyul's Assorted Antiques.
 15253 | Orc:2    | Bought a scroll labelled IFOEXEUKHEF for 28 gold pieces
 15253 | Orc:2    | Bought a scroll labelled PAONAU KERPHOL for 28 gold pieces
 15253 | Orc:2    | Bought a scroll of teleportation for 84 gold pieces
 15495 | Orc:2    | Found Vucafi's Armour Emporium.
 15495 | Orc:2    | Found Qaimopax's Antique Weapon Shop.
 15495 | Orc:2    | Found Ipryxzy's Antique Weapon Boutique.
 15498 | Orc:2    | Found Olafisua's Armour Shoppe.
 15772 | Orc:1    | You are sucked into a shaft and drop 1 floor!
 15952 | Orc:1    | Reached skill level 8 in Maces & Flails
 15965 | Orc:1    | Found Diylu's Antique Weapon Shop.
 16267 | Elf:1    | Entered Level 1 of the Elven Halls
 16284 | Elf:1    | Reached skill level 10 in Invocations
 16353 | Elf:1    | Reached skill level 3 in Slings
 16353 | Elf:1    | HP: 28/130 [deep elf zephyrmancer/bolt of lightning (24)]
 16358 | Elf:1    | HP: 26/130 [deep elf zephyrmancer/bolt of lightning (12)]
 16359 | Elf:1    | HP: 10/130 [deep elf zephyrmancer/bolt of lightning (17)]
 16587 | Lair:1   | Entered Level 1 of the Lair of Beasts
 16591 | Lair:1   | Reached XP level 14. HP: 126/138 MP: 20/20
 16880 | Lair:1   | Reached skill level 9 in Shields
 17658 | Lair:2   | Received a gift from Okawaru
 17665 | Lair:2   | Noticed Sonja
 17673 | Lair:2   | Killed Sonja
 17685 | Lair:2   | Reached skill level 17 in Fighting
 17689 | Lair:2   | Reached skill level 11 in Armour
 17698 | Lair:2   | Reached skill level 4 in Slings
 17791 | Lair:2   | Found a staircase to the Shoals.
 17799 | Lair:2   | Found a runed translucent gate.
 17805 | Lair:2   | Found a runed translucent gate.
 17805 | Lair:2   | Found a runed translucent gate.
 17806 | Lair:2   | Noticed AmazingTV's ghost (journeyman MiFi)
 17844 | Lair:2   | Killed AmazingTV's ghost
 17947 | Lair:2   | Reached skill level 9 in Maces & Flails
 18816 | Lair:3   | Received a gift from Okawaru
 18828 | Lair:3   | Identified 2 scrolls of acquirement
 18829 | Lair:3   | Acquired a manual of Shields
 18830 | Lair:3   | Acquired the ring of Ywaytz {rF+ Str+4 Int+6}
 19006 | Lair:3   | Reached skill level 5 in Slings
 19105 | Lair:3   | Reached skill level 10 in Shields
 19126 | Lair:3   | You pick up a book of Sloth and begin reading...
 19126 | Lair:3   | You add the spells Petrify, Metabolic Englaciation and
                  | Statue Form to your library.
 19256 | Lair:3   | Received a gift from Okawaru
 20054 | Lair:4   | Identified the +0 pair of boots of the Candlemaker {rN+
                  | Str+5 Int+2} (Okawaru gifted it to you on level 4 of the
                  | Lair of Beasts)
 20054 | Lair:4   | Received a gift from Okawaru
 20139 | Lair:4   | Found a transporter.
 20140 | Lair:4   | Found a transporter.
 20294 | Lair:4   | Found a hole to the Spider Nest.
 20431 | Lair:4   | Reached skill level 11 in Invocations
 20967 | Lair:5   | Reached skill level 11 in Shields
 21016 | Lair:5   | Found a staircase to the Slime Pits.
 21020 | Lair:5   | Reached skill level 12 in Armour
 21073 | Lair:5   | Reached skill level 10 in Maces & Flails
 21130 | Lair:5   | Reached skill level 6 in Slings
 21171 | Lair:5   | You pick up a book of Air and begin reading...
 21171 | Lair:5   | You add the spells Shock, Swiftness and Airstrike to your
                  | library.
 21262 | Lair:5   | Identified the +1 falchion of the Scavenger {distort,
                  | Fragile rCorr Int+7 SInv}
 22028 | Lair:6   | Entered Level 6 of the Lair of Beasts
 22247 | Lair:6   | Reached XP level 15. HP: 147/147 MP: 22/22
 22302 | Lair:6   | You pick up a book of Burglary and begin reading...
 22302 | Lair:6   | You add the spells Passwall and Ensorcelled Hibernation to
                  | your library.
 22547 | Lair:6   | Reached skill level 12 in Shields
 22556 | Lair:6   | Received a gift from Okawaru
 22590 | Lair:6   | Identified the +0 plate armour of the Ecumenical Temple
                  | {rElec} (Okawaru gifted it to you on level 6 of the Lair of
                  | Beasts)
 22590 | Lair:6   | Received a gift from Okawaru
 22706 | Lair:6   | Reached ****** piety under Okawaru
 22719 | Lair:6   | Reached skill level 7 in Slings
 22761 | Lair:6   | Found a corrupted altar of Lugonu.
 22761 | Lair:6   | Found a one-way gate to the infinite horrors of the Abyss.
 23462 | Spider:1 | Entered Level 1 of the Spider Nest
 23595 | Spider:1 | Reached skill level 11 in Maces & Flails
 23612 | Spider:1 | Noticed an emperor scorpion
 23629 | Spider:1 | Killed an emperor scorpion
 23630 | Spider:1 | Reached skill level 13 in Shields
 23848 | Spider:1 | Reached skill level 13 in Armour
 24393 | Spider:2 | Reached skill level 12 in Invocations
 24550 | Spider:2 | Reached skill level 8 in Slings
 24669 | Spider:2 | Identified the +3 ring mail "Esugavoe" {Harm Str+3 SInv}
                  | (Okawaru gifted it to you on level 2 of the Spider Nest)
 24669 | Spider:2 | Received a gift from Okawaru
 24862 | Spider:2 | Noticed an emperor scorpion
 24882 | Spider:2 | Reached skill level 14 in Shields
 24886 | Spider:2 | Killed an emperor scorpion
 25439 | Spider:3 | Reached XP level 16. HP: 137/155 MP: 20/24
 25481 | Spider:3 | HP: 32/155 [meliai/divine providence (8)]
 25482 | Spider:3 | HP: 12/155 [meliai (4)]
 25485 | Spider:3 | Killed from afar by a meliai

Vanquished Creatures
  2 emperor scorpions
  2 entropy weavers
  The ghost of AmazingTV the Fighter, a journeyman MiFi of Okawaru (Lair:2)
  Harold (D:11)
  4 boulder beetles
  10 hydras
  12 two-headed ogres
  3 catoblepae
  7 death yaks (D:10)
  A dancing weapon (Elf:1)
  Urug (D:10)
  2 thrashing horrors (Lair:6)
  Sonja (Lair:2)
  5 skeletal warriors (D:12)
  3 steelbarb worms
  A sun moth (Spider:2)
  2 pharaoh ants (Spider:2)
  3 orb spiders
  Pikel (D:5)
  4 orc knights
  6 deep elf pyromancers
  A deep elf zephyrmancer (Elf:1)
  2 ugly things (Lair:6)
  An oklob plant (Lair:4)
  7 wolf spiders
  2 cyclopes
  A manticore (Lair:2)
  2 orc sorcerers
  Joseph (D:8)
  8 black mambas
  An eye of devastation (Lair:5)
  3 smoke demons (Lair:6)
  Maggie (D:9)
  2 gargoyles (D:12)
  9 cane toads
  2 unseen horrors
  Psyche (D:11)
  A torpor snail (Spider:2)
  3 kobold demonologists
  3 demonic crawlers
  3 rime drakes
  15 komodo dragons
  An ancient zyme (Lair:6)
  3 trolls
  A wind drake (Lair:2)
  14 blink frogs
  6 tarantellas
  4 polar bears
  A queen bee (D:11)
  2 hornets
  4 dream sheep (Lair:3)
  Prince Ribbit (D:5)
  19 culicivoras
  21 jumping spiders
  The ghost of Jonnyslop the Grave Robber, an amateur DENe (D:8)
  5 shadows
  A vampire (D:11)
  Sigmund (D:2)
  48 yaks
  A ynoxinul (Lair:6)
  5 basilisks
  A spriggan (Lair:6)
  2 wraiths (D:11)
  A wyvern (Lair:2)
  Eustachio (D:6)
  33 redbacks
  3 chaos spawn (Lair:6)
  2 steam dragons (D:7)
  12 wargs
  2 large abominations (Lair:6)
  2 acid dragons
  13 water moccasins
  A floating eye (Lair:5)
  A necrophage (D:6)
  2 black bears (Lair:5)
  2 sky beasts
  36 orc warriors
  An ice beast (D:8)
  12 ogres
  9 small abominations (Lair:6)
  14 centaurs
  10 wolves (Lair:3)
  A lemure (D:5)
  A phantom (D:5)
  14 kobold brigands
  6 gnoll sergeants
  22 bullfrogs
  7 scorpions
  A water moccasin zombie (D:7)
  A water moccasin skeleton (D:5)
  A wyvern skeleton (D:6)
  24 killer bees (D:11)
  An electric eel (Lair:6)
  10 howler monkeys
  A bullfrog zombie (D:6)
  8 centaur zombies
  2 jellies
  4 hounds
  6 gnoll shamans
  14 orc priests
  Crazy Yiuf (D:2)
  An iguana (D:6)
  22 orc wizards
  13 hell rats
  A killer bee zombie (D:5)
  A hound zombie (D:5)
  2 howler monkey skeletons
  9 gnolls
  8 adders
  6 river rats
  3 white imps
  An adder skeleton (D:4)
  8 worms
  56 orcs
  10 ball pythons
  12 endoplasms
  7 giant cockroaches
  10 goblins
  9 hobgoblins
  9 jackals
  7 quokkas
  3 training dummies (Orc:2)
  5 bats
  6 frilled lizards
  49 kobolds
  13 rats
  A plant (Lair:1)
837 creatures vanquished.

Vanquished Creatures (others)
  An unseen horror (D:12)
  A centaur skeleton (D:7)
  An orc priest (D:7)
  An orc (D:7)
  23 fungi
  84 plants
111 creatures vanquished.

Grand Total: 948 creatures vanquished

Table legend:
 A = Non-vault XP
 B = Vault XP
 C = Vault XP percentage of total XP
 D = Non-vault monster count
 E = Vault monster count
 F = Vault count percentage of total count
                 A         B        C        D         E       F
            +---------+---------+-------+---------+---------+-------
      Total |  102064 |   52276 |  33.9 |     538 |     298 |  35.6
            +---------+---------+-------+---------+---------+-------
        D:1 |      46 |       6 |  11.5 |      28 |       4 |  12.5
        D:2 |      60 |     262 |  81.4 |      21 |       2 |   8.7
        D:3 |      38 |      29 |  43.3 |      13 |       7 |  35.0
        D:4 |     253 |       2 |   0.8 |      20 |       1 |   4.8
        D:5 |     704 |     921 |  56.7 |      13 |       3 |  18.8
        D:6 |    1104 |     197 |  15.1 |      26 |       1 |   3.7
        D:7 |    1216 |     129 |   9.6 |      17 |      21 |  55.3
        D:8 |    2077 |    1175 |  36.1 |      21 |       4 |  16.0
        D:9 |    1742 |   11649 |  87.0 |      19 |      53 |  73.6
       D:10 |    3073 |    8326 |  73.0 |      10 |      14 |  58.3
       D:11 |    4710 |    3050 |  39.3 |      19 |      27 |  58.7
       D:12 |    8998 |     473 |   5.0 |      26 |      18 |  40.9
     Lair:1 |    4135 |     853 |  17.1 |      18 |       3 |  14.3
     Lair:2 |    6910 |    5369 |  43.7 |      21 |      23 |  52.3
     Lair:3 |    7126 |       0 |   0.0 |      37 |       0 |   0.0
     Lair:4 |    5234 |    1688 |  24.4 |      12 |      12 |  50.0
     Lair:5 |    4796 |     587 |  10.9 |      17 |       2 |  10.5
     Lair:6 |    8865 |    9752 |  52.4 |      33 |      36 |  52.2
   Spider:1 |   14948 |       0 |   0.0 |      45 |       0 |   0.0
   Spider:2 |   15950 |       0 |   0.0 |      45 |       0 |   0.0
   Spider:3 |    3833 |       0 |   0.0 |      15 |       0 |   0.0
      Orc:1 |    2633 |       0 |   0.0 |      19 |       0 |   0.0
      Orc:2 |    1676 |    5461 |  76.5 |      40 |      41 |  50.6
      Elf:1 |    1937 |    1784 |  47.9 |       3 |       3 |  50.0
      Sewer |       0 |     563 | 100.0 |       0 |      23 | 100.0
            +---------+---------+-------+---------+---------+-------

Illustrated notes

Table legend:
 A = Kills in this place as a percentage of kills in entire the game.
 B = Kills by you in this place as a percentage of kills by you in the entire game.
 C = Kills by friends in this place as a percentage of kills by friends in the entire game.
 D = Other kills in this place as a percentage of other kills in the entire game.
 E = Experience gained in this place as a percentage of experience gained in the entire game.
 F = Experience gained in this place divided by the number of levels of this place that you have seen.
                   A       B       C       D       E      F
               +-------+-------+-------+-------+-------+----------------------
         Total | 100.0 | 100.0 |   N/A | 100.0 | 100.0 | 5936.2
       Dungeon |  46.4 |  46.3 |   N/A | 100.0 |  32.6 | 4186.7
          Lair |  25.6 |  25.6 |   N/A |   0.0 |  35.8 | 9219.2
   Spider Nest |  12.6 |  12.6 |   N/A |   0.0 |  22.5 | 11577.0
  Orcish Mines |  12.0 |  12.0 |   N/A |   0.0 |   6.3 | 4885.0
   Elven Halls |   0.7 |   0.7 |   N/A |   0.0 |   2.4 | 3721.0
         Sewer |   2.8 |   2.8 |   N/A |   0.0 |   0.4 | 563.0
               +-------+-------+-------+-------+-------+----------------------

Table legend: (Time is in decaauts)
 A = Elapsed time spent in this place.
 B = Non-inter-level travel time spent in this place.
 C = Inter-level travel time spent in this place.
 D = Time resting spent in this place.
 E = Time spent auto-exploring this place.
 F = Levels seen in this place.
 G = Mean time per level.
                   A        B        C        D        E       F      G
               +--------+--------+--------+--------+--------+-----+--------+
         Total |  25166 |  23072 |   2094 |   4503 |  13535 |  26 |  967.9 |
       Dungeon |  13685 |  12859 |    826 |   3225 |   6992 |  12 | 1140.4 |
        Temple |     85 |     69 |     16 |      0 |     55 |   1 |   85.0 |
          Lair |   6718 |   5837 |    881 |    640 |   4087 |   6 | 1119.7 |
   Spider Nest |   1905 |   1838 |     67 |    189 |   1211 |   3 |  635.0 |
  Orcish Mines |   2022 |   1720 |    302 |    360 |    868 |   2 | 1011.0 |
   Elven Halls |     91 |     91 |      0 |      0 |      0 |   1 |   91.0 |
         Sewer |    656 |    656 |      0 |     89 |    322 |   1 |  656.0 |
               +--------+--------+--------+--------+--------+-----+--------+

Top non-repeatable levels by time:
     D:9: 2000 daAuts
     D:7: 1613 daAuts
   Orc:2: 1505 daAuts
    D:12: 1340 daAuts
  Lair:2: 1318 daAuts
  Lair:3: 1250 daAuts
     D:8: 1147 daAuts
     D:2: 1143 daAuts
  Lair:6: 1121 daAuts
  Lair:5: 1097 daAuts
     D:1: 1080 daAuts
    D:11: 1075 daAuts
     D:6: 1065 daAuts
  Lair:1: 997 daAuts
     D:5: 989 daAuts
